AoeStats
← toul35

MegaRandom

509712633Analyzed
3v3 RM · 3d ago on Sep 27, 2026· 43m 47s· 6 players
Game mode
Random Map
Map size
Normal (6 player)
Population
200
Speed
Normal
Resources
Standard
Victory
Conquest
Starting age
Dark Age
Ending age
Imperial Age
RankedLock teamsTeams togetherTeam positionsShared explorationLock speedFull tech treeHidden civsTurbo modeCheats
Victory
Defeat
🇫🇷 Burgundians · France
1131
+14
🇫🇷 Mongols · France
1102
+16
🇨🇱 Gurjaras · Chile
1095
+16
🇬🇧 Byzantines · United Kingdom
1115
-16
🇬🇧 Magyars · United Kingdom
1084
-15
🇬🇧 Vietnamese · United Kingdom
1083
-15
cris
9:42 Loom
11:34 Feudal Age
12:43 Double-Bit Axe
15:31 Wheelbarrow
18:30 Castle Age
16:55 Stone Mining
18:31 Fletching
18:42 Padded Archer Armor
18:55 Bloodlines
19:30 Bodkin Arrow
23:25 Hand Cart
27:58 Stone Shaft Mining
31:59 Ballistics
33:10 Gold Mining
34:38 Leather Archer Armor
36:48 Gold Shaft Mining
36:20 Husbandry
41:12 Town Watch
42:13 Town Patrol
toul35
5:30 Loom
5:34 Loom
8:25 Double-Bit Axe
10:40 Feudal Age
18:05 Castle Age
16:13 Fishing Lines
16:19 Horse Collar
18:06 Gillnets
19:14 Demolition Ship
20:17 Bow Saw
20:30 Fletching
21:29 Wheelbarrow
23:19 Bodkin Arrow
24:18 Town Watch
27:25 Forging
26:55 Cavalier
28:06 Scale Barding Armor
29:28 Chain Barding Armor
31:55 Iron Casting
34:34 Imperial Age
32:16 Cavalier
32:56 Husbandry
33:59 Hand Cart
35:06 Burgundian Vineyards
38:01 Conscription
41:39 Blast Furnace
41:01 Heavy Plow
43:06 Plate Barding Armor
crewza523
9:52 Feudal Age
15:16 Castle Age
13:27 Double-Bit Axe
14:05 Horse Collar
15:43 Gold Mining
17:09 Wheelbarrow
17:02 Heavy Plow
17:19 Bow Saw
20:17 Stone Mining
28:14 Imperial Age
26:15 Hand Cart
26:04 Loom
29:44 Forging
29:40 Scale Barding Armor
30:19 Gold Shaft Mining
32:45 Iron Casting
32:31 Chain Barding Armor
32:43 Elite Chakram Thrower
34:22 Elite Shrivamsha Rider
35:39 Plate Barding Armor
36:37 Husbandry
36:49 Bloodlines
36:00 Light Cavalry
37:34 Hussar
41:42 Scale Mail Armor
Disapproving Squirrel
9:26 Loom
12:34 Feudal Age
13:13 Double-Bit Axe
15:31 Horse Collar
16:15 Fletching
25:09 Castle Age
26:23 Bloodlines
26:38 Scale Barding Armor
32:06 Medium Warships
31:55 Bodkin Arrow
32:03 Pikeman
33:28 Heavy Plow
36:03 Wheelbarrow
39:00 Scale Mail Armor
42:10 Imperial Age
42:27 Halberdier
Uncle Ant
5:02 Loom
13:49 Feudal Age
18:49 Castle Age
17:23 Double-Bit Axe
18:44 Fletching
19:31 Gold Mining
19:33 Stone Mining
20:38 Bow Saw
24:41 Bodkin Arrow
24:31 Crossbowman
25:48 Crossbowman
26:35 Thumb Ring
31:05 Padded Archer Armor
33:12 Leather Archer Armor
39:12 Imperial Age
39:09 Ballistics
41:02 Chemistry
40:20 Bracer
41:08 Arbalester
Disgruntled Goat
11:38 Feudal Age
12:47 Double-Bit Axe
14:17 Gold Mining
16:18 Loom
18:58 Castle Age
18:15 Horse Collar
20:09 Medium Warships
22:16 Fletching
24:11 Bodkin Arrow
26:05 Wheelbarrow
32:00 Scale Barding Armor
37:29 Imperial Age
35:39 Hand Cart
36:33 Forging
41:28 Heavy Camel Rider
42:09 Husbandry
42:31 Chain Barding Armor
42:48 Iron Casting
42:41 Heavy Plow
43:18 Gold Shaft Mining
Connection lost

Rejoining the realm…

Still unreachable

The connection could not be restored.

Session expired

The server has moved on; the page needs a fresh start.